Map: Iron Fortress LE

Players

DrennoC

  • Race: Protoss Protoss
  • Spawn Location: 11:00

NurseEspy - Winner!

  • Race: Zerg Zerg
  • Spawn Location: 7:00

VOD

Have the link to the VOD?

Description

Time

  • Played on: April 3, 2015, 1:18 p.m.
  • Length: 13:35
Show
View Real Time Build Order
Export as new Build Order

DrennoC Protoss 

Build Orders:  

Get SALT Encoding   

  12  0:10  Pylon  
  12  0:15  Probe  
  14  0:28  Probe (Chrono Boost)  
  14  0:33  Gateway  
  14  0:40  Probe (Chrono Boost)  
  15  0:43  Assimilator  
  15  0:49  Probe (Chrono Boost)  
  16  0:51  Assimilator  
  16  0:57  Probe (Chrono Boost)  
  16  1:04  Pylon  
  17  1:09  Probe (Chrono Boost)  
  18  1:22  Cybernetics Core  
  18  1:26  Probe  
  19  1:33  Zealot  
  19  1:38  Probe (Chrono Boost)  
  22  1:49  Probe (Chrono Boost)  
  23  1:56  Probe  
  23  1:57  Pylon  
  23  1:59  Warp Gate  
  24  2:11  Mothership Core (Chrono Boost)  
  26  2:32  Nexus  
  26  2:43  Forge  
  26  2:46  Sentry (Chrono Boost)  
  28  2:58  Gateway  
  28  3:05  Probe  
  29  3:13  Robotics Facility  
  29  3:18  Robotics Facility  
  29  3:23  Probe (Chrono Boost)  
  30  3:33  Probe (Chrono Boost)  
  33  3:36  Protoss Ground Weapons Level 1 (Chrono Boost)  
  33  3:40  Probe  
  34  3:46  Probe  
  33  3:59  Gateway  
  33  4:01  Gateway  
  33  4:14  Stalker  
  35  4:19  Stalker  
  35  4:21  Probe (Chrono Boost)  
  39  4:26  Probe (Chrono Boost)  
  39  4:30  Probe (Chrono Boost)  
  40  4:33  Immortal (Chrono Boost)  
  40  4:34  Probe (Chrono Boost)  
  40  4:38  Probe  
  46  4:45  Probe  
  47  4:54  Pylon  
  47  4:55  Probe  
  47  4:57  Probe  
  49  5:01  Zealot  
  49  5:07  Probe, Pylon x2  
  52  5:09  Assimilator  
  52  5:11  Assimilator  
  52  5:15  Pylon  
  52  5:19  Zealot  
  53  5:30  Protoss Ground Armor Level 1 (Chrono Boost)  
  53  5:34  Robotics Bay  
  53  5:35  Pylon  
  53  5:38  Sentry x2  
  53  5:41  Probe x2  
  59  5:47  Zealot  
  61  5:53  Probe  
  61  5:54  Pylon  
  61  5:56  Zealot  
  64  6:04  Stalker x2  
  64  6:10  Stalker  
  72  6:28  Stalker  
  72  6:29  Probe (Chrono Boost)  
  72  6:30  Probe (Chrono Boost)  
  72  6:31  Disruptor (Chrono Boost)  
  72  6:32  Zealot  
  78  6:38  Disruptor  
  78  6:39  Probe (Chrono Boost)  
  79  6:41  Probe (Chrono Boost)  
  79  6:43  Stalker  
  79  6:44  Stalker  
  84  7:00  Probe  
  84  7:01  Observer (Chrono Boost)  
  84  7:23  Disruptor (Chrono Boost)  
  84  7:31  Pylon  
  84  7:34  Pylon  
  84  7:35  Pylon  
  84  7:47  Gateway x2  
  84  7:48  Nexus  
  84  7:53  Twilight Council, Gateway  
  84  7:54  Gateway  
  84  7:55  Robotics Facility  
  84  8:00  Pylon  
  84  8:04  Pylon  
  84  8:10  Pylon  
  89  8:13  Probe (Chrono Boost)  
  89  8:14  Disruptor (Chrono Boost)  
  89  8:19  Zealot x3  
  95  8:25  Extended Thermal Lance  
  93  8:47  Zealot x3  
  93  8:48  Zealot  
  105  8:50  Disruptor, Protoss Ground Weapons Level 2 (Chrono Boost)  
  105  8:55  Probe x2 (Chrono Boost)  
  107  9:00  Zealot x2  
  111  9:05  Probe (Chrono Boost)  
  112  9:10  Zealot x3  
  112  9:16  Disruptor  
  116  9:30  Probe (Chrono Boost)  
  116  9:34  Photon Cannon  
  116  9:35  Probe (Chrono Boost)  
  116  9:36  Probe (Chrono Boost), Zealot x2  
  116  9:38  Photon Cannon  
  112  9:56  Stalker x4  
  112  9:58  Probe (Chrono Boost)  
  112  9:59  Disruptor  
  122  10:03  Probe (Chrono Boost), Zealot  
  122  10:04  Disruptor  
  126  10:07  Probe (Chrono Boost)  
  126  10:08  Probe (Chrono Boost), Disruptor  
  124  10:15  Assimilator  
  124  10:20  Assimilator  
  132  10:24  Disruptor (Chrono Boost)  
  132  10:25  Disruptor (Chrono Boost)  
  132  10:27  Pylon  
  132  10:29  Pylon  
  132  10:39  Pylon  
  108  10:58  Zealot x4  
  108  10:59  Zealot x4  
  108  11:00  Disruptor  
  114  11:07  Disruptor  
  114  11:10  Disruptor  
  110  11:15  Nexus  
  108  11:33  Nexus  
  108  11:34  Disruptor  
  108  11:35  Pylon  
  108  11:39  Disruptor  
  82  11:50  Zealot x4  
  82  11:51  Zealot  
  62  11:56  Stalker  
  62  11:59  Zealot  
  66  12:05  Zealot  
  67  12:14  Zealot x3  
  67  12:15  Zealot x2  
  71  12:17  Disruptor  
  67  12:27  Stalker  
  67  12:28  Nexus  
  69  12:33  Stalker  
  71  12:39  Disruptor  
  71  12:56  Zealot x5  
  81  13:01  Stalker x2  
  81  13:04  Mothership Core  
  85  13:17  Zealot x2  
  85  13:18  Zealot x2  
Show
View Real Time Build Order
Export as new Build Order

NurseEspy Zerg - Winner!

Build Orders: Hatch First, Ravager All-In 

Get SALT Encoding   

  12  0:00  Drone  
  13  0:12  Overlord  
  13  0:17  Drone  
  14  0:30  Drone x2  
  14  0:34  Drone  
  17  0:52  Hatchery  
  17  0:56  Drone  
  17  0:58  Drone  
  18  1:08  Drone  
  19  1:14  Spawning Pool  
  19  1:17  Extractor  
  17  1:19  Drone  
  18  1:27  Drone  
  19  1:39  Overlord  
  19  1:48  Drone  
  20  2:01  Zergling x2  
  20  2:03  Queen x2  
  20  2:04  Zergling x2  
  26  2:16  Drone x2  
  26  2:19  Metabolic Boost  
  28  2:25  Drone  
  28  2:26  Drone  
  30  2:33  Drone  
  31  2:37  Drone  
  32  2:46  Drone  
  32  2:49  Hatchery  
  32  2:51  Drone  
  33  2:53  Drone  
  33  2:58  Overlord  
  34  3:07  Roach Warren  
  34  3:08  Extractor  
  34  3:10  Drone, Extractor  
  34  3:12  Drone  
  33  3:14  Drone  
  33  3:18  Drone  
  33  3:19  Drone  
  36  3:23  Drone x2  
  36  3:25  Drone  
  39  3:28  Drone  
  39  3:33  Drone x2  
  42  3:38  Overlord  
  42  3:45  Drone  
  42  3:46  Drone  
  42  3:47  Overlord  
  44  4:02  Roach x3  
  50  4:03  Roach x2  
  54  4:15  Roach x4  
  61  4:17  Overlord  
  61  4:25  Roach x2  
  65  4:33  Ravager  
  65  4:35  Queen  
  65  4:38  Ravager x4  
  72  4:42  Lair  
  72  4:43  Drone x2  
  74  4:47  Overlord  
  74  4:48  Overlord  
  74  5:07  Drone x10  
  74  5:08  Drone  
  84  5:16  Ravager x3  
  87  5:25  Drone x2  
  87  5:26  Overlord x2, Extractor  
  88  5:30  Overlord x2  
  88  5:38  Evolution Chamber  
  88  5:39  Evolution Chamber  
  86  5:45  Drone x8  
  94  6:00  Drone  
  94  6:01  Drone x2  
  97  6:05  Zerg Missile Weapons Level 1, Zerg Ground Armor Level 1  
  97  6:12  Extractor  
  97  6:13  Extractor  
  95  6:18  Glial Reconstitution  
  95  6:22  Drone, Infestation Pit  
  95  6:23  Drone  
  95  6:24  Drone x3  
  95  6:25  Drone x3  
  100  6:26  Drone x2  
  104  6:35  Ravager x3  
  104  6:39  Overlord x3  
  107  6:59  Hatchery  
  103  7:06  Hive  
  103  7:10  Extractor  
  103  7:11  Extractor  
  90  7:17  Zergling x12  
  90  7:18  Zergling x32  
  112  7:27  Roach  
  111  7:37  Flying Locusts, Roach  
  111  7:38  Roach x2  
  111  7:41  Evolution Chamber  
  111  7:42  Pneumatized Carapace  
  116  7:49  Roach x4  
  126  7:51  Roach x7  
  126  7:52  Roach x3  
  126  7:53  Overlord x3  
  144  7:59  Zerg Melee Weapons Level 1  
  144  8:02  Zerg Ground Armor Level 2  
  144  8:11  Burrow  
  144  8:17  Drone x2  
  144  8:18  Drone x3  
  144  8:19  Drone x3  
  152  8:20  Queen  
  154  8:27  Adrenal Glands  
  154  8:41  Roach x6  
  166  8:42  Overlord x3  
  166  8:52  Zerg Missile Weapons Level 2  
  166  8:55  Drone  
  167  8:56  Overlord x5  
  167  8:57  Overlord  
  167  9:37  Drone x6  
  167  9:38  Drone x3  
  172  9:55  Zerg Melee Weapons Level 2  
  172  9:57  Neural Parasite  
  172  9:58  Viper x2  
  172  9:59  Viper  
  181  10:17  Queen  
  181  10:18  Queen  
  181  10:19  Hatchery  
  181  10:21  Hatchery, Drone x4  
  188  10:25  Zergling x24  
  188  10:26  Zergling x2  
  188  10:27  Hatchery  
  141  10:47  Zergling x4  
  141  10:48  Zergling x64  
  151  11:06  Zergling x2  
  151  11:07  Zergling x10  
  155  11:13  Zergling x4  
  156  11:30  Drone x4  
  156  11:31  Drone x3  
  128  11:50  Zergling x42  
  145  12:06  Zergling x24  
  147  12:21  Zergling x8  
  147  12:22  Zergling x8  
  152  12:42  Queen  
  154  12:44  Drone x2, Extractor  
  154  12:45  Extractor  
  154  12:46  Zergling x18  
  154  12:47  Zergling x54  
  186  13:03  Zergling x2  
  186  13:04  Zergling x16  
  194  13:18  Zergling x2  
Tags
 
Add a new tag
Caveats
  • Supply blocks, unpowered buildings, or Contaminate may cause inaccurate times.
  • Supply counts are checked every 10 seconds.